 Dungeon Crawl Stone Soup version 0.23-a0-389-g4a5eb33 (webtiles) character file.

2657 Dawnplanks the Basher (level 9, -15/54 HPs)
             Began as a Gargoyle Fighter on Oct 29, 2018.
             Was a Believer of Okawaru.
             Killed from afar by a ynoxinul (28 damage)
             ... with an iron shot
             ... on level 2 of the Abyss.
             The game lasted 00:17:57 (7697 turns).

Dawnplanks the Basher (Gargoyle Fighter)            Turns: 7697, Time: 00:17:58

Health: -15/54     AC: 27    Str: 26    XL:     9   Next: 62%
Magic:  9/9        EV:  8    Int: 11    God:    Okawaru [**....]
Gold:   484        SH:  0    Dex:  9    Spells: 8/8 levels left

rFire    + . .     SeeInvis +   g - +2 whip (pain)
rCold    . . .     Gourm    .   c - +0 shield
rNeg     + . .     Faith    .   C - +8 chain mail of Happy Babbling {Str+2}
rPois    ∞         Spirit   .   t - +0 helmet {Int+3}
rElec    +         Reflect  .   (no cloak)
rCorr    .         Harm     .   x - +0 pair of gloves
MR       .....                  (no boots)
Stlth    ..........             p - amulet of magic regeneration
HPRegen  0.18/turn              B - ring of see invisible
MPRegen  0.36/turn              d - ring of protection from fire

@: confused
A: negative energy resistance 1, electricity resistance, unbreathing,
petrification resistance, rot immunity, AC +6
a: Heroism, Renounce Religion


You were on level 2 of the Abyss.
You worshipped Okawaru.
Okawaru was pleased with you.
You were not hungry.

You visited 1 branch of the dungeon, and saw 8 of its levels.
You visited the Abyss 1 time.

You collected 484 gold pieces.

Inventory:

Hand Weapons
 g - a +2 whip of pain (weapon)
Armour
 b - a +0 scale mail
 c - a +0 shield (worn)
 t - a +0 helmet of intelligence (worn)
 x - a +0 pair of gloves (worn)
 C - the +8 chain mail of Happy Babbling (worn) {Str+2}
   (You found it on level 2 of the Abyss)

   It affects your strength (+2).
Jewellery
 d - a ring of protection from fire (right hand)
 k - an uncursed ring of flight
 p - an amulet of magic regeneration (around neck)
 B - a ring of see invisible (left hand)
Wands
 v - a wand of flame (30)
 w - a wand of scattershot (4)
 y - a wand of enslavement (7)
 z - a wand of paralysis (12)
Scrolls
 a - 2 scrolls of remove curse {unknown}
 e - 2 scrolls of teleportation {unknown}
 i - 3 scrolls of fear {unknown}
 n - a scroll of fog {unknown}
 o - a scroll of identify
 u - a scroll of immolation {unknown}
 D - a scroll of blinking {unknown}
Potions
 h - a potion of berserk rage
 j - 2 potions of lignification {unknown}
 l - 4 potions of curing {unknown}
 m - 3 potions of heal wounds {unknown}
 q - a potion of invisibility
 r - 2 potions of magic {unknown}
 s - 2 potions of agility
 A - a potion of haste {unknown}
Comestibles
 f - 14 rations


   Skills:
 + Level 5.4 Fighting
 * Level 9.1 Maces & Flails
 + Level 6.1 Armour
 + Level 2.9 Dodging
 + Level 7.2 Shields


You had 8 spell levels left.
You didn't know any spells.
Your spell library was empty.

Dungeon Overview and Level Annotations

Branches:
Dungeon (8/15)             Temple (0/1) D:7
   Lair: D:8-11

Altars:
Dithmenos
Elyvilon
Fedhas
Hepliaklqana
Okawaru
Uskayaw
Vehumet
Xom
Yredelemnul
The Shining One

Shops:
D:5 [   D:6 }

Annotations:
D:7 Psyche
D:8 Pikel


Innate Abilities, Weirdness & Mutations

You are resistant to torment.
Your stone body is resilient. (AC +6)
You are immune to poison.
You resist negative energy. (rN+)
You are resistant to electric shocks. (rElec)
You can survive without breathing.
You are immune to petrification.
You are immune to rotting.


Message History

The golden eye blinks at you.
You are more confused.
The ynoxinul hits you.
The small abomination hits you but does no damage.
The golden eye blinks!
You hit the jelly.
Your hands burn!
The jelly is lightly wounded.
The jelly hits you.
You are splashed with acid!
The acid burns!
* * * LOW HITPOINT WARNING * * *
The golden eye blinks at you. You resist with some effort.
The ynoxinul hits you but does no damage.
The ufetubus barely misses you.
The ufetubus hits you but does no damage.
There are monsters nearby!
The small abomination hits you but does no damage.
The ynoxinul gestures at you. The iron shot hits you!
Ouch! That really hurt!
You die...

............... .......
................... ..
......... .....#.....#
........###...###. .# #
.........#)....#...
#...#..................
.......J.G.............
.......5x54G..........
.......@3#..... .....#.
........### ..###.. #
........> 5.G..#. ...#
#...#...... .... . ..
.............. .......
.....................
...!.(...#.....#....
.......###...###...#
!.. ... . ....


You could see an ice devil, a ynoxinul, a small abomination, a jelly, 2 golden
eyes and 2 ufetubi.

Vanquished Creatures
  The ghost of Tardy the Conjurer, a novice OpWz of Sif Muna (D:5)
  Joseph (D:7)
  Sigmund (D:2)
  3 ogres
  A necrophage (D:6)
  A phantom (D:6)
  2 centaurs
  2 big kobolds
  A bullfrog (D:5)
  A scorpion (D:6)
  A wyvern skeleton (D:4)
  A howler monkey (D:6)
  A crimson imp (D:5)
  A quasit (D:5)
  2 gnoll shamans
  5 orc priests
  A hound (D:7)
  A jelly (D:5)
  A centaur skeleton (D:5)
  Terence (D:2)
  7 orc wizards
  A worker ant (D:7)
  A hound skeleton (D:6)
  A worker ant zombie (D:5)
  10 gnolls
  9 adders
  An adder skeleton (D:3)
  3 worms
  3 leopard geckos
  22 orcs
  A ball python (D:5)
  6 bats
  5 giant cockroaches
  4 goblins
  13 hobgoblins
  21 jackals
  3 quokkas
  2 frilled lizards
  19 kobolds
  10 rats
171 creatures vanquished.

Notes
Turn   | Place    | Note
-------+----------+-------------------------------------------
     0 | D:1      | Dawnplanks the Gargoyle Fighter began the quest for the
                  | Orb.
     0 | D:1      | Reached XP level 1. HP: 14/14 MP: 1/1
    81 | D:1      | Reached XP level 2. HP: 17/19 MP: 2/2
   597 | D:1      | Reached XP level 3. HP: 19/23 MP: 3/3
  1020 | D:2      | Noticed Sigmund
  1031 | D:2      | Killed Sigmund
  1031 | D:2      | Reached skill level 3 in Maces & Flails
  1031 | D:2      | Reached XP level 4. HP: 12/29 MP: 4/4
  1031 | D:2      | Reached XP level 5. HP: 13/33 MP: 5/5
  1355 | D:2      | Reached skill level 4 in Maces & Flails
  1390 | D:2      | Found a glowing golden altar of the Shining One.
  1474 | D:2      | Found a blossoming altar of Fedhas.
  1656 | D:2      | Reached XP level 6. HP: 31/38 MP: 6/6
  1706 | D:2      | Noticed Terence
  1717 | D:2      | Killed Terence
  1851 | D:3      | Found an iron altar of Okawaru.
  1943 | D:3      | Became a worshipper of Warmaster Okawaru
  2498 | D:3      | Reached skill level 5 in Maces & Flails
  2498 | D:3      | Reached skill level 1 in Dodging
  3104 | D:4      | Reached XP level 7. HP: 30/43 MP: 7/7
  3240 | D:4      | HP: 1/43 [orc priest/divine providence (9)]
  3685 | D:4      | Found a shadowy altar of Dithmenos.
  3778 | D:4      | Reached skill level 5 in Shields
  4008 | D:4      | Found a white marble altar of Elyvilon.
  4345 | D:5      | Entered Level 5 of the Dungeon
  4357 | D:5      | Reached skill level 6 in Maces & Flails
  4580 | D:5      | Reached * piety under Okawaru
  4580 | D:5      | Reached XP level 8. HP: 24/48 MP: 8/8
  5175 | D:5      | Reached skill level 5 in Armour
  5241 | D:5      | Found a large runed door.
  5241 | D:5      | Found a large runed door.
  5269 | D:5      | Reached skill level 7 in Maces & Flails
  5524 | D:5      | Noticed Tardy's ghost (novice OpWz)
  5553 | D:5      | Killed Tardy's ghost
  5553 | D:5      | Reached skill level 5 in Fighting
  5615 | D:5      | Reached skill level 8 in Maces & Flails
  5695 | D:5      | Found Bicoluin's Armour Boutique.
  5831 | D:6      | Reached XP level 9. HP: 49/54 MP: 9/9
  6022 | D:6      | Found Xuphopp's Gadget Emporium.
  6042 | D:6      | Reached ** piety under Okawaru
  6342 | D:6      | Found a radiant altar of Vehumet.
  6452 | D:6      | Found a shimmering altar of Xom.
  6452 | D:6      | Found a basalt altar of Yredelemnul.
  6453 | D:6      | Found a hide-covered altar of Uskayaw.
  6580 | D:6      | Found a hazy altar of Hepliaklqana.
  6717 | D:7      | Noticed Joseph
  6745 | D:7      | Killed Joseph
  6858 | D:7      | Reached skill level 9 in Maces & Flails
  7121 | D:7      | Found a staircase to the Ecumenical Temple.
  7187 | D:8      | Noticed Pikel
  7187 | D:8      | Noticed Psyche
  7605 | D:7      | Cast into level 2 of the Abyss (Psyche)
  7620 | Abyss:2  | Got an opal-encrusted chain mail
  7631 | Abyss:2  | Identified the +8 chain mail of Happy Babbling {Str+2} (You
                  | found it on level 2 of the Abyss)
  7679 | Abyss:2  | Noticed an ice devil
  7697 | Abyss:2  | Killed from afar by a ynoxinul

Vault maps used:
D:1:      psy_arrival_radial02, serial_forest, infiniplex_forest_clump_small,
          infiniplex_forest_straight_5, infiniplex_forest_straight_4,
          infiniplex_forest_clump_medium, infiniplex_forest_zigzag_1,
          moated_statue
D:2:      lemuel_crystal_altar, fedhas_ov_isle_minmay, uniq_terence,
          uniq_sigmund
D:3:      okawaru_altar_gauntlet_db, minmay_goblin_kobold_house
D:4:      grunt_dithmenos_smoke_and_mirrors, elyvilon_altar_4
D:5:      first_ration, ebering_ghost_disaster_area, serial_shops, shop
D:6:      kennysheep_mini, vehumet_altar_wand_db,
          chequers_temple_overflow_statue_of_worship, serial_shops, shop_statue,
          serial_column_ruins, column_ruins_open_medium, column_ruins_open_tiny,
          column_ruins_open_small_water, column_ruins_grid_2,
          column_ruins_columns_corner
D:7:      minmay_temple_entry_poolview, uniq_joseph
D:8:      special_room, uniq_pikel, uniq_harold, uniq_psyche

Skill      XL: |  1  2  3  4  5  6  7  8  9 |
---------------+----------------------------+-----
Fighting       | 4 5 |  5.4
Maces & Flails | 3 4 5 6 8 9 |  9.1
Armour         | 4 5 6 |  6.1
Shields        | 4 5 6 7 |  7.2
Dodging        | 1 2 |  2.9

Action                   |  1- 3 |  4- 6 |  7- 9 || total
-------------------------+-------+-------+-------++-------
Melee: Flail             |    38 |       |       ||    38
       Whip              |    70 |   279 |   667 ||  1016
Invok: Heroism           |       |       |     2 ||     2
  Use: Potion            |     1 |       |     1 ||     2
       Scroll            |       |       |     3 ||     3
  Eat: Chunk             |     1 |     6 |    14 ||    21
       Ration            |       |       |     1 ||     1
Armor: Scale mail        |    51 |   115 |   269 ||   435
       Chain mail        |       |       |    34 ||    34
Dodge: Dodged            |    27 |    64 |   211 ||   302
Block: Shield            |    48 |   131 |   316 ||   495

Table legend:
 A = Non-vault XP
 B = Vault XP
 C = Vault XP percentage of total XP
 D = Non-vault monster count
 E = Vault monster count
 F = Vault count percentage of total count
                 A         B        C        D         E       F
            +---------+---------+-------+---------+---------+-------
      Total |    2575 |    1221 |  32.2 |     154 |      17 |   9.9
            +---------+---------+-------+---------+---------+-------
        D:1 |      41 |       0 |   0.0 |      25 |       0 |   0.0
        D:2 |      55 |     263 |  82.7 |      24 |       2 |   7.7
        D:3 |     198 |      47 |  19.2 |      30 |      12 |  28.6
        D:4 |     315 |       0 |   0.0 |      13 |       0 |   0.0
        D:5 |     988 |     470 |  32.2 |      36 |       1 |   2.7
        D:6 |     764 |       2 |   0.3 |      14 |       1 |   6.7
        D:7 |     214 |     439 |  67.2 |      12 |       1 |   7.7
            +---------+---------+-------+---------+---------+-------
